 Dungeon Crawl Stone Soup version 0.21.1-1-g345015f (webtiles) character file.

44 Fang the Skirmisher (level 3, -7/34 HPs)
             Began as a Gargoyle Berserker on June 5, 2018.
             Was a Believer of Trog.
             Mangled by a worm (10 damage)
             ... on level 2 of the Dungeon.
             The game lasted 00:01:01 (1412 turns).

Fang the Skirmisher (Gargoyle Berserker)            Turns: 1412, Time: 00:01:02

Health: -7/34      AC:  5    Str: 26    XL:     3   Next: 62%
Magic:  3/3        EV: 12    Int:  7    God:    Trog [**....]
Gold:   84         SH:  0    Dex:  9    Spells: 2/2 levels left

rFire    . . .     SeeInvis +   a - +0 hand axe
rCold    . . .     Gourm    .   (no shield)
rNeg     + . .     Faith    .   b - +0 animal skin
rPois    ∞         Spirit   .   (no helmet)
rElec    +         Reflect  .   (no cloak)
rCorr    .         Harm     +   (no gloves)
MR       .....                  (no boots)
Stlth    ..........             q - amulet of harm
HPRegen  0.11/turn              o - ring of see invisible
MPRegen  0.08/turn              (no ring)

@: berserking, very quick
A: negative energy resistance 1, electricity resistance, unbreathing,
petrification resistance, rot immunity, AC +3
a: Berserk, Trog's Hand, Burn Spellbooks, Renounce Religion


You were on level 2 of the Dungeon.
You worshipped Trog.
Trog was pleased with you.
You were very hungry.

You visited 1 branch of the dungeon, and saw 2 of its levels.

You collected 84 gold pieces.

Inventory:

Hand Weapons
 a - a +0 hand axe (weapon)
Armour
 b - a +0 animal skin (worn)
Jewellery
 o - a ring of see invisible (left hand)
 q - an amulet of harm (around neck)
Scrolls
 h - a scroll of random uselessness {unknown}
 j - 2 scrolls of teleportation {unknown}
 k - a scroll of remove curse {unknown}
 l - 3 scrolls of identify {unknown}
 m - a scroll of immolation {unknown}
 n - a scroll of blinking {unknown}
Potions
 d - a potion of brilliance {unknown}
 e - a potion of ambrosia {unknown}
 f - 3 potions of heal wounds {unknown}
 g - 2 potions of curing {unknown}
 i - a potion of agility {unknown}
Comestibles
 c - 2 rations
 p - a chunk of flesh


   Skills:
 + Level 3.6 Fighting
 + Level 3.6 Axes
 + Level 2.3 Armour
 + Level 2.0 Dodging


You had 2 spell levels left.
You didn't know any spells.

Dungeon Overview and Level Annotations

Branches:
Dungeon (2/15)

Altars:


Innate Abilities, Weirdness & Mutations

You are resistant to torment.
Your stone body is resilient. (AC +3)
You are immune to poison.
You resist negative energy. (rN+)
You are resistant to electric shocks. (rElec)
You can survive without breathing.
You are immune to petrification.
You are immune to rotting.


Message History

* * * LOW HITPOINT WARNING * * *
You are too injured to fight recklessly!
You are too injured to fight recklessly!
You are too injured to fight recklessly!
You are too injured to fight recklessly!
You are too injured to fight recklessly!
You are too injured to fight recklessly!
You are too injured to fight recklessly!
You are too injured to fight recklessly!
You are too injured to fight recklessly!
You are too injured to fight recklessly!
You are too injured to fight recklessly!
You are too injured to fight recklessly!
You are too injured to fight recklessly!
A red film seems to cover your vision as you go berserk!
You feel yourself moving faster!
You feel mighty!
You are feeling very hungry.
You feel a strong urge to attack something.
The worm bites you!
You die...

#.#.##. #..... #.#....
########.... #..^.##
.....$..... ###...#
..........# ###.#
...[......# ###.#
....<.....# #....
.......)w)# #....
........@.# #....
######..### #....
#..########### #....
#...#...#....# #....
.###...#.#.#.##.###....
......>...#...##........
#.#.......######........
#.##....# ###........
..... #. #....#
#.#........


You could see a worm.

Vanquished Creatures
  An adder (D:2)
  A worm (D:2)
  2 dart slugs (D:1)
  4 bats
  7 goblins
  A hobgoblin (D:1)
  A jackal (D:1)
  2 kobolds
  A quokka (D:2)
  A ball python (D:1)
  5 frilled lizards (D:1)
  5 rats
31 creatures vanquished.

Notes
Turn   | Place    | Note
-------+----------+-------------------------------------------
     0 | D:1      | Fang the Gargoyle Berserker began the quest for the Orb.
     0 | D:1      | Reached XP level 1. HP: 14/14 MP: 1/1
   200 | D:1      | Reached XP level 2. HP: 16/19 MP: 2/2
   514 | D:1      | Reached ** piety under Trog
  1106 | D:2      | Reached XP level 3. HP: 12/23 MP: 3/3
  1412 | D:2      | Mangled by a worm

Skill      XL: |  1  2 |
---------------+-------+-----
Axes           | 3 |  3.6
Dodging        | 2 |  2.0
Fighting       | |  3.6
Armour         | |  2.3

Action                   || total
-------------------------++-------
Melee: Hand axe          ||    78
Invok: Berserk           ||     2
  Eat: Chunk             ||     2
Armor: Animal skin       ||    25
Dodge: Dodged            ||    52
